 Dungeon Crawl Stone Soup version 0.22.1-1-ga44c0e56f4 (webtiles) character file.

59 JustaMe the Caller (level 3, 0/19 HPs)
             Began as a Deep Elf Summoner on Sept 24, 2018.
             Slain by a wyvern (5 damage)
             ... on level 4 of the Dungeon.
             The game lasted 00:21:28 (2023 turns).

JustaMe the Caller (Deep Elf Summoner)              Turns: 2023, Time: 00:21:29

Health: 0/19       AC:  2    Str:  5    XL:     3   Next: 78%
Magic:  1/10       EV: 13    Int: 20    God:
Gold:   100        SH:  0    Dex: 15    Spells: 6/9 levels left

rFire    . . .     SeeInvis .   i - +1 dagger (freeze)
rCold    . . .     Gourm    .   (no shield)
rNeg     . . .     Faith    .   a - +0 robe
rPois    .         Spirit   .   (no helmet)
rElec    .         Reflect  .   (no cloak)
rCorr    .         Harm     .   (no gloves)
MR       .....                  (no boots)
Stlth    ++........             (no amulet)
HPRegen  0.06/turn              (no ring)
MPRegen  0.12/turn              (no ring)

@: no status effects
A: no striking features
a: no special abilities


You were on level 4 of the Dungeon.
You were not hungry.

You visited 1 branch of the dungeon, and saw 4 of its levels.

You collected 100 gold pieces.

Inventory:

Hand Weapons
 i - a +1 dagger of freezing (weapon)
Missiles
 e - 53 stones
 f - 3 javelins (quivered)
Armour
 a - a +0 robe (worn)
Scrolls
 d - 4 scrolls of identify {unknown}
 g - 2 scrolls of amnesia {unknown}
 h - a scroll of teleportation {unknown}
 j - 2 scrolls of enchant armour {unknown}
 k - a scroll of enchant weapon {unknown}
 m - 3 scrolls of remove curse {unknown}
Potions
 l - a potion of flight {unknown}
 n - a potion of might {unknown}
 o - a potion of degeneration {unknown}
 p - a potion of mutation {unknown}
Comestibles
 b - 3 chunks of flesh
 c - 5 rations


   Skills:
 + Level 1.1 Short Blades
 + Level 3.1 Dodging
 + Level 2.7 Stealth
 + Level 3.5 Spellcasting
 + Level 5.1 Summonings


You had 6 spell levels left.
You knew the following spells:

 Your Spells              Type           Power        Failure   Level  Hunger
a - Summon Small Mammal   Summ           ###.         1%          1    None
b - Call Imp              Summ           ###.....     2%          2    ##.....

Your spell library contained the following spells:

 Spells                   Type           Power        Failure   Level  Hunger
 Call Canine Familiar     Summ           ###.....     4%          3    ###....
 Summon Guardian Golem    Hex/Summ       ##......     14%         3    ###....
 Summon Ice Beast         Ice/Summ       ##......     43%         4    ####...
 Summon Lightning Spire   Summ/Air       ##......     43%         4    ####...


Dungeon Overview and Level Annotations

Branches:
Dungeon (4/15)
 Temple: D:4-7

Altars:
Ru


Message History

Your crimson imp disappears in a puff of smoke!
Your crimson imp blinks!
The ooze hits you.
Your crimson imp hits the ooze but does no damage.
Your crimson imp blinks!
You swap places.
The orc shouts!
Your crimson imp disappears in a puff of smoke!
The ooze hits you.
Your crimson imp hits the ooze but does no damage.
The wyvern bites you!
Ouch! That really hurt!
* * * LOW HITPOINT WARNING * * *
Your crimson imp hits the ooze.
Press: ? - help, v - describe, . - travel The floor, spattered with blood.
The ooze hits your crimson imp.
Your crimson imp hits the ooze. x2
The ooze barely misses your crimson imp.
Your crimson imp hits the ooze.
The wyvern bites you.
You die...

.## ... #.# #
##.##.# #
#.....# #.
#<.# #.. #..#
.ยง #5.#
#.##5@####..#
#..J5l.......
#..#...###..#
#...?.......
#..#.#.###.o
...o...(.#
###..####.#
#.. .# #. .#


You could see a wyvern, an ooze, an orc and 3 friendly crimson imps.

Vanquished Creatures
  3 leopard geckos (D:1)
  3 giant cockroaches
  2 goblins (D:1)
  3 bats
  3 frilled lizards
  2 kobolds
  5 rats
21 creatures vanquished.

Vanquished Creatures (collateral kills)
  3 adders (D:2)
  An ooze (D:1)
  2 leopard geckos
  5 bats (D:1)
  3 goblins
  3 hobgoblins
  A jackal (D:1)
  A frilled lizard (D:1)
  5 kobolds (D:1)
  A rat (D:1)
25 creatures vanquished.

Grand Total: 46 creatures vanquished

Notes
Turn   | Place    | Note
-------+----------+-------------------------------------------
     0 | D:1      | JustaMe the Deep Elf Summoner began the quest for the Orb.
     0 | D:1      | Reached XP level 1. HP: 10/10 MP: 6/6
   472 | D:1      | Reached XP level 2. HP: 15/15 MP: 6/8
  1062 | D:1      | Reached skill level 5 in Summonings
  1069 | D:1      | Learned a level 2 spell: Call Imp
  1367 | D:1      | Reached XP level 3. HP: 15/19 MP: 5/9
  1446 | D:1      | Reached skill level 1 in Short Blades
  2007 | D:3      | Found a sacrificial altar of Ru.
  2020 | D:4      | Noticed a wyvern
  2023 | D:4      | Slain by a wyvern

Skill      XL: |  1  2  3 |
---------------+----------+-----
Summonings     | 5 |  5.1
Short Blades   | 1 |  1.1
Dodging        | 3 |  3.1
Stealth        | |  2.7
Spellcasting   | |  3.5

Action                   || total
-------------------------++-------
Melee: Dagger            ||    85
       Unarmed           ||     6
 Cast: Summon Small Mamm ||    26
       Call Imp          ||    18
 Stab: Sleeping          ||    10
  Eat: Chunk             ||     4
Armor: Robe              ||    23
Dodge: Dodged            ||    88
